AoeStats
← JanMa

Arena

510604444Analyzed
4v4 RM · 1d ago on Oct 1, 2026· 51m 20s· 8 players
Game mode
Random Map
Map size
Large (8 player)
Population
200
Speed
Normal
Resources
Standard
Victory
Conquest
Starting age
Dark Age
Ending age
Imperial Age
RankedLock teamsTeams togetherTeam positionsShared explorationLock speedFull tech treeHidden civsTurbo modeCheats
Victory
Defeat
🇹🇷 Celts · Türkiye
1003
+16
🇬🇧 Jurchens · United Kingdom
972
+18
🇹🇷 Cumans · Türkiye
970
+18
🇪🇸 Britons · Spain
917
+21
🇨🇿 Franks · Czechia
1037
-19
🇨🇿 Teutons · Czechia
1028
-19
🇨🇿 Byzantines · Czechia
1025
-19
🇨🇿 Goths · Czechia
950
-16
House of Bebu
11:12 Feudal Age
9:56 Loom
15:27 Castle Age
13:20 Double-Bit Axe
14:18 Horse Collar
16:37 Bow Saw
16:52 Heavy Plow
22:35 Wheelbarrow
22:29 Forging
25:04 Iron Casting
25:20 Hand Cart
25:58 Scale Barding Armor
27:52 Chain Barding Armor
27:40 Town Watch
28:18 Gold Mining
28:20 Stone Mining
28:48 Bloodlines
28:39 Husbandry
30:08 Town Patrol
33:30 Imperial Age
32:15 Fortified Bastions
32:56 Gold Shaft Mining
32:57 Stone Shaft Mining
33:31 Elite Steppe Lancer
35:14 Blast Furnace
34:50 Plate Barding Armor
34:00 Treadmill Crane
34:31 Masonry
35:53 Two-Man Saw
36:05 Chemistry
34:42 Heavy Rocket Cart
34:44 Capped Ram
35:53 Ballistics
35:57 Conscription
39:09 Siege Ram
42:24 Hoardings
42:00 Thunderclap Bombs
42:15 Siege Engineers
42:06 Murder Holes
42:42 Architecture
42:22 Fortified Wall
42:46 Crop Rotation
TitaN
10:29 Feudal Age
16:32 Castle Age
14:20 Horse Collar
14:44 Double-Bit Axe
16:44 Loom
23:18 Wheelbarrow
23:14 Heavy Plow
25:19 Fletching
25:52 Bow Saw
28:07 Forging
29:49 Padded Archer Armor
31:46 Gold Mining
32:25 Hand Cart
32:16 Bodkin Arrow
34:11 Yeomen
37:07 Imperial Age
35:14 Ballistics
35:12 Leather Archer Armor
34:44 Pikeman
35:25 Squires
35:10 Gambesons
36:02 Yeomen
38:16 Iron Casting
37:42 Scale Mail Armor
39:31 Chemistry
40:11 Ring Archer Armor
39:49 Bracer
39:54 Stone Mining
40:39 Gold Shaft Mining
42:35 Two-Man Saw
41:12 Elite Longbowman
41:16 Halberdier
44:29 Chain Mail Armor
44:47 Ring Archer Armor
45:01 Warwolf
49:24 Man-at-Arms
50:20 Long Swordsman
52:09 Blast Furnace
51:39 Plate Mail Armor
Furkan
10:21 Feudal Age
11:32 Double-Bit Axe
16:40 Castle Age
16:48 Capped Ram
23:28 Gold Mining
23:50 Bow Saw
26:05 Horse Collar
27:14 Heavy Plow
31:25 Gold Shaft Mining
31:49 Loom
32:39 Wheelbarrow
32:51 Town Watch
33:41 Wheelbarrow
32:51 Loom
34:40 Hand Cart
34:25 Town Patrol
39:31 Imperial Age
36:57 Stone Mining
37:15 Scale Barding Armor
37:11 Scale Mail Armor
40:56 Cavalier
41:40 Onager
42:47 Siege Onager
45:47 Two-Man Saw
45:10 Chain Barding Armor
45:05 Chain Mail Armor
45:01 Forging
44:57 Paladin
45:00 Elite Steppe Lancer
46:30 Crop Rotation
47:28 Plate Barding Armor
47:24 Plate Mail Armor
siyah1903beyaz80
10:11 Feudal Age
10:55 Double-Bit Axe
11:15 Man-at-Arms
12:09 Arson
15:57 Scale Mail Armor
16:40 Forging
25:24 Castle Age
23:17 Horse Collar
25:37 Long Swordsman
26:36 Bow Saw
26:45 Chain Mail Armor
28:16 Pikeman
29:33 Iron Casting
29:35 Gold Mining
29:48 Heavy Plow
31:28 Wheelbarrow
32:33 Hand Cart
32:12 Gambesons
33:41 Gold Shaft Mining
33:58 Stone Mining
35:34 Stone Shaft Mining
39:16 Imperial Age
38:13 Fletching
39:30 Two-Handed Swordsman
39:41 Two-Handed Swordsman
39:46 Halberdier
40:20 Halberdier
40:55 Champion
45:42 Blast Furnace
45:12 Plate Mail Armor
Kompot
5:26 Loom
10:50 Feudal Age
16:13 Castle Age
14:28 Double-Bit Axe
15:39 Horse Collar
17:51 Bow Saw
20:17 Heavy Plow
20:56 Wheelbarrow
22:49 Hand Cart
22:30 Town Watch
25:27 Scale Mail Armor
25:43 Gold Mining
25:35 Man-at-Arms
26:15 Long Swordsman
27:31 Forging
27:40 Gambesons
27:57 Squires
29:15 Chain Mail Armor
36:09 Stone Mining
36:02 Pikeman
39:02 Iron Casting
38:38 Arson
42:36 Imperial Age
42:58 Town Patrol
44:41 Two-Man Saw
43:04 Two-Handed Swordsman
44:03 Champion
46:08 Plate Mail Armor
46:38 Blast Furnace
46:05 Capped Ram
47:34 Elite Teutonic Knight
Georg_von_Mahren
5:55 Loom
9:46 Feudal Age
17:40 Castle Age
17:21 Scale Barding Armor
17:16 Double-Bit Axe
18:39 Bow Saw
23:59 Wheelbarrow
24:07 Town Watch
33:23 Chain Barding Armor
34:37 Forging
35:19 Hand Cart
37:53 Husbandry
37:47 Light Cavalry
49:40 Imperial Age
48:43 Iron Casting
48:36 Masonry
JanMa
0:30 Loom
10:44 Feudal Age
11:47 Double-Bit Axe
11:43 Horse Collar
19:12 Castle Age
19:58 Scale Mail Armor
20:08 Forging
20:12 Bow Saw
20:11 Town Watch
22:09 Man-at-Arms
23:28 Heavy Plow
24:28 Wheelbarrow
23:53 Gold Mining
23:54 Stone Mining
23:34 Long Swordsman
24:15 Squires
24:56 Pikeman
27:14 Town Patrol
28:33 Hand Cart
29:35 Fletching
29:46 Padded Archer Armor
30:01 Chain Mail Armor
30:22 Iron Casting
30:33 Elite Skirmisher
31:23 Bodkin Arrow
31:44 Leather Archer Armor
35:45 Imperial Age
36:37 Perfusion
36:58 Conscription
36:49 Halberdier
39:53 Two-Man Saw
42:28 Blast Furnace
41:29 Bracer
42:01 Ring Archer Armor
44:05 Two-Handed Swordsman
44:51 Anarchy
46:41 Elite Huskarl
47:59 Crop Rotation
VelkyChobot
10:21 Feudal Age
14:53 Castle Age
13:40 Double-Bit Axe
13:51 Horse Collar
18:43 Loom
21:47 Heavy Plow
24:20 Stone Mining
24:21 Gold Mining
26:04 Wheelbarrow
25:56 Bow Saw
30:49 Imperial Age
28:39 Hand Cart
30:52 Fletching
31:03 Padded Archer Armor
30:46 Elite Skirmisher
33:26 Ballistics
34:06 Chemistry
32:58 Onager
34:21 Bodkin Arrow
34:42 Leather Archer Armor
37:43 Crop Rotation
38:16 Two-Man Saw
36:55 Pikeman
37:35 Squires
37:41 Arson
38:01 Scale Mail Armor
38:12 Forging
38:34 Ring Archer Armor
38:04 Bracer
38:05 Halberdier
40:39 Chain Mail Armor
41:00 Iron Casting
44:57 Plate Mail Armor
Connection lost

Rejoining the realm…

Still unreachable

The connection could not be restored.

Session expired

The server has moved on; the page needs a fresh start.